 Dungeon Crawl Stone Soup version 0.31-a0-614-gc85dc1c48c (webtiles) character file.

Game seed: 17378675943454950270

1084 Ijustatesigmund the Stinger (level 8, -9/54 HPs)
             Began as an Octopode Venom Mage on Aug 22, 2023.
             Killed from afar by a manticore (18 damage)
             ... with a volley of spikes
             ... on level 6 of the Dungeon.
             The game lasted 00:09:42 (6499 turns).

Ijustatesigmund the Stinger (Octopode Venom Mage)   Turns: 6499, Time: 00:09:44

Health: -9/54      AC:  1    Str:  7    XL:     8   Next: 30%
Magic:  4/14       EV: 13    Int: 19    God:
Gold:   195        SH:  0    Dex: 13    Spells: 5/15 levels left

rFire   . . .        g - +2 short sword (speed)
rCold   + . .        (no shield)
rNeg    . . .        (helmet restricted)
rPois   .            (no amulet)
rElec   .            n - ring of protection from cold
rCorr   .            (no ring)
SInv    .            (no ring)
Will    .....        (no ring)
Stlth   ++           (no ring)
HPRegen 0.29/turn    (no ring)
MPRegen 0.14/turn    (no ring)
                     (no ring)

%: no passive effects
@: confused, ambrosia-drunk, spiked
A: almost no armour, amphibious, 8 rings, camouflage 1, gelatinous body 1,
(nimble swimmer 1), tentacles
a: no special abilities


You were on level 6 of the Dungeon.
You visited 1 branch of the dungeon, and saw 6 of its levels.

You collected 195 gold pieces.

Inventory:

Hand Weapons
 e - a +3 dagger of venom
 g - a +2 short sword of speed (weapon)
Missiles
 q - a throwing net
Magical Staves
 c - a staff of fire
Jewellery
 n - a ring of protection from cold (left tentacle)
 s - the amulet of Sovereignty {Acrobat rElec Int-4 Dex+9}
   (You found it on level 5 of the Dungeon)

   [amulet of the acrobat]

   Acrobat:   It increases your evasion while moving and waiting.
   Int-4:     It affects your intelligence (-4).
   Dex+9:     It affects your dexterity (+9).
   rElec:     It insulates you from electricity.
Scrolls
 f - 2 scrolls of vulnerability
 h - 2 scrolls of blinking
 k - a scroll of fog
 l - a scroll of teleportation
 r - a scroll of poison
 t - a scroll of immolation {unknown}
 u - a scroll of enchant armour {unknown}
Potions
 a - a potion of magic
 b - a potion of curing
 d - a potion of might
 i - 2 potions of enlightenment
 j - a potion of attraction
 p - a potion of haste {unknown}


   Skills:
 + Level 4.0 Fighting
 - Level 2.0 Dodging
 - Level 2.6 Stealth
 + Level 4.3 Spellcasting
 + Level 3.7 Conjurations
 - Level 1.0 Transmutations
 + Level 4.0 Air Magic
 + Level 6.2 Poison Magic


You had 5 spell levels left.
You knew the following spells:

 Your Spells              Type           Power      Damage    Failure   Level
a - Magic Dart            Conj           72%        1d6       2%          1
b - Poisonous Vapours     Pois/Air       46%        N/A       2%          2
c - Mephitic Cloud        Conj/Pois/Air  21%        N/A       6%          3
d - Olgreb's Toxic Radia  Pois           27%        N/A       10%         4

Your spell library contained the following spells:

 Spells                   Type           Power      Damage    Failure   Level
 Sting                    Tmut/Pois      68%        1d6       3%          1
 Momentum Strike          Conj/Tloc      22%        3d8       10%         2
 Blink                    Tloc           8%         N/A       21%         2
 Call Imp                 Summ           8%         N/A       21%         2
 Lesser Beckoning         Tloc           8%         N/A       21%         2
 Gell's Gravitas          Tloc           4%         N/A       36%         3
 Ozocubu's Armour         Ice            4%         N/A       36%         3
 Animate Dead             Necr           4%         N/A       78%         4
 Haunt                    Necr/Summ      2%         N/A       100%        7
 Malign Gateway           Summ/Tloc      2%         N/A       100%        7
 Infestation              Necr           2%         N/A       100%        8
 Fire Storm               Conj/Fire      5%         8d2       100%        9


Dungeon Overview and Level Annotations

Branches:
Dungeon (6/15)
 Temple: D:4-7

Altars:
Makhleb
Nemelex Xobeh
Sif Muna
Xom


Innate Abilities, Weirdness & Mutations

You cannot wear most types of armour.
You are amphibious.
You can wear up to eight rings at the same time.
Your skin changes colour to match your surroundings (Stealth+).
Your rubbery body absorbs attacks. (AC +1, EV +1)
((You are camouflaged when in or above water. (Stealth+)))
You have tentacles for arms and can constrict up to eight enemies at once.


Message History

The volley of spikes hits you!!
The barbed spikes become lodged in your body.
Casting: Poisonous Vapours (safe; 2% risk of failure)
Confirm with . or Enter, or press ? or * to list all spells.
Aiming: Poisonous Vapours (safe; 2% risk of failure)
Press: ? - help, Dir - move target, f/p - manticore
Aim: a manticore (moderately wounded, extremely poisoned) Poisonous vapours surround the manticore!
The manticore looks as sick as possible!
The manticore flicks its tail.
The volley of spikes misses you.
You aren't carrying any items that you can evoke.
Casting: Poisonous Vapours (safe; 2% risk of failure)
Confirm with . or Enter, or press ? or * to list all spells.
Aiming: Poisonous Vapours (safe; 2% risk of failure)
Press: ? - help, Dir - move target, f/p - manticore
Aim: a manticore (moderately wounded, extremely poisoned) Poisonous vapours surround the manticore!
The manticore looks as sick as possible!
Casting: Poisonous Vapours (safe; 2% risk of failure)
Confirm with . or Enter, or press ? or * to list all spells.
Aiming: Poisonous Vapours (safe; 2% risk of failure)
Press: ? - help, Dir - move target, f/p - manticore
Aim: a manticore (moderately wounded, extremely poisoned) Poisonous vapours surround the manticore!
The manticore looks as sick as possible!
The manticore flicks its tail.
The volley of spikes hits you!
The barbed spikes become lodged in your body.
The manticore flicks its tail.
The volley of spikes hits you!
The barbed spikes become lodged in your body.
* * * LOW HITPOINT WARNING * * *
It was a potion of ambrosia.
You are confused.
You feel invigorated.
The manticore flicks its tail.
The volley of spikes hits you!!
The barbed spikes become lodged in your body.
You die...

.......).### #
##..(.......##.###.# #
.............#.###.### #
##...........#.#.....###
.$......................
##?........>.......#.###
.....H.....#...(........
#...[.....#.###.....###
#.....@.....# ##.##.#
#####!#####.###(#.#.# #
#. #....###..### #.
#####.#.####. #. ##.##
#. #. #######.#####. #.
...........##. ##
##########.##. #....


You could see a manticore (extremely poisoned).

Vanquished Creatures
  Sigmund (D:3)
  A sky beast (D:4)
  An ice beast (D:4)
  An orc warrior (D:6)
  An ogre (D:6)
  A phantom (D:4)
  A scorpion (D:4)
  A bullfrog (D:6)
  An orc priest (D:4)
  A hound (D:6)
  A jelly (D:6)
  Jessica (D:3)
  An iguana (D:5)
  An orc wizard (D:4)
  3 gnolls (D:4)
  7 adders
  A shadow imp (D:5)
  A white imp (D:5)
  A worm (D:4)
  9 dart slugs
  10 orcs
  3 endoplasms
  A giant cockroach (D:3)
  5 goblins
  9 hobgoblins
  16 kobolds
  2 quokkas
  4 ball pythons
  3 bats
  3 frilled lizards
  7 rats
99 creatures vanquished.

Notes
Turn   | Place    | Note
-------+----------+-------------------------------------------
     0 | D:1      | Ijustatesigmund the Octopode Venom Mage began the quest for
                  | the Orb.
     0 | D:1      | Reached XP level 1. HP: 11/11 MP: 3/3
    63 | D:1      | Reached XP level 2. HP: 18/18 MP: 5/5
    66 | D:1      | Learned a level 2 spell: Poisonous Vapours
   243 | D:1      | Reached skill level 1 in Fighting
   243 | D:1      | Reached skill level 4 in Poison Magic
   824 | D:2      | Reached XP level 3. HP: 23/23 MP: 1/6
   837 | D:2      | Learned a level 3 spell: Mephitic Cloud
   894 | D:2      | Got the Treatise on Friendly Frost
  1958 | D:3      | Found a shimmering altar of Xom.
  1969 | D:3      | Reached skill level 1 in Air Magic
  2239 | D:3      | Found a shimmering altar of Xom.
  2239 | D:3      | Found a shimmering altar of Xom.
  2239 | D:3      | Found a shimmering altar of Xom.
  2384 | D:3      | Reached XP level 4. HP: 13/28 MP: 5/7
  2670 | D:3      | Noticed Sigmund
  2680 | D:3      | Killed Sigmund
  2681 | D:3      | Reached skill level 1 in Conjurations
  2681 | D:3      | Reached XP level 5. HP: 30/35 MP: 7/9
  2681 | D:3      | Reached XP level 6. HP: 35/41 MP: 7/10
  2686 | D:3      | Learned a level 4 spell: Olgreb's Toxic Radiance
  2759 | D:3      | Found a burning altar of Makhleb.
  2761 | D:3      | You fall into a shaft and drop 1 floor!
  2805 | D:3      | Found a shimmering blue altar of Sif Muna.
  2855 | D:3      | Got the Essays on Scorching Distance
  2986 | D:3      | Noticed Jessica
  2993 | D:3      | Killed Jessica
  3102 | D:4      | Reached skill level 5 in Poison Magic
  3404 | D:4      | Noticed a sky beast
  3421 | D:4      | Killed a sky beast
  3422 | D:4      | Reached XP level 7. HP: 28/45 MP: 8/12
  4775 | D:4      | Found a sparkling altar of Nemelex Xobeh.
  4999 | D:5      | Entered Level 5 of the Dungeon
  5382 | D:5      | Identified the amulet of Sovereignty {Acrobat rElec Int-4
                  | Dex+9}
  5949 | D:6      | Learned a level 1 spell: Magic Dart
  5971 | D:6      | Reached skill level 6 in Poison Magic
  5971 | D:6      | Reached XP level 8. HP: 36/54 MP: 8/14
  6490 | D:6      | Noticed a manticore
  6499 | D:6      | Killed from afar by a manticore

Illustrated notes

Levels and vault maps discovered:
D:1:      erik_arrival_orb_chamber, layout_loops_cross
D:2:      layout_basic
D:3:      kennysheep_slugbush, layout_basic, lemuel_round_altar,
          nicolae_sif_muna_condensation, xom_redecorated, uniq_jessica,
          uniq_sigmund
D:4:      layout_rooms, general_overflow_altar, chequers_jeans
D:5:      layout_loops_ring, minmay_misc_feat_encased, solitary_fountain
D:6:      layout_loops_ring, dk_noncrumbling_2

Skill      XL: |  1  2  3  4  5  6  7  8 |
---------------+-------------------------+-----
Fighting       | 1 2 3 4 |  4.0
Poison Magic   | 4 5 6 |  6.2
Air Magic      | 1 2 3 4 |  4.0
Spellcasting   | 3 4 |  4.3
Conjurations   | 1 2 3 |  3.7
Dodging        | |  2.0
Stealth        | |  2.6
Transmutations | |  1.0

Action                     |  1- 3 |  4- 6 |  7- 9 || total
---------------------------+-------+-------+-------++-------
  Melee: Unarmed           |     6 |       |       ||     6
         Dagger            |    51 |    20 |       ||    71
         Constrict         |    13 |    10 |    18 ||    41
         Tentacles         |     8 |    12 |    32 ||    52
         Punch             |     1 |     2 |     1 ||     4
         Short sword       |       |    28 |   107 ||   135
   Cast: Poisonous Vapours |     9 |    10 |    16 ||    35
         Olgreb's Toxic Ra |       |     1 |     9 ||    10
         Sting             |       |     1 |       ||     1
         Magic Dart        |       |       |     3 ||     3
    Use: Scroll            |    10 |       |     4 ||    14
         Potion            |       |       |     2 ||     2
   Stab: Sleeping          |    10 |     3 |     2 ||    15
 Armour: Skin              |     5 |       |     5 ||    10
  Dodge: Dodged            |    37 |    23 |    42 ||   102

Table legend: (Time is in decaauts)
 A = Elapsed time spent in this place.
 B = Non-inter-level travel time spent in this place.
 C = Inter-level travel time spent in this place.
 D = Time resting spent in this place.
 E = Time spent auto-exploring this place.
 F = Levels seen in this place.
 G = Mean time per level.
                   A        B        C        D        E       F      G
               +--------+--------+--------+--------+--------+-----+--------+
         Total |   6452 |   6291 |    161 |   2356 |   3250 |   6 | 1075.3 |
       Dungeon |   6452 |   6291 |    161 |   2356 |   3250 |   6 | 1075.3 |
               +--------+--------+--------+--------+--------+-----+--------+

Top non-repeatable levels by time:
     D:4: 1650 daAuts
     D:3: 1363 daAuts
     D:2: 1166 daAuts
     D:5: 879 daAuts
     D:1: 786 daAuts
     D:6: 605 daAuts
